 Dungeon Crawl Stone Soup version 0.21.0-22-g11d5b5247c (webtiles) character file.

413 InquisitorsWrath the Chopper (level 6, -3/58 HPs)
             Began as a Minotaur Berserker on Jan 18, 2018.
             Was a Believer of Trog.
             Slain by a centaur (4 damage)
             ... on level 4 of the Dungeon.
             The game lasted 00:14:14 (3040 turns).

InquisitorsWrath the Chopper (Minotaur Berserker)   Turns: 3040, Time: 00:14:14

Health: -3/58      AC: 10    Str: 24    XL:     6   Next: 59%
Magic:  5/5        EV:  9    Int:  4    God:    Trog [**....]
Gold:   161        SH:  0    Dex:  9    Spells: 5/5 levels left

rFire    + . .     SeeInvis .   f - +0 hand axe
rCold    x . .     Gourm    .   (no shield)
rNeg     . . .     Faith    .   h - +0 chain mail
rPois    .         Spirit   .   (helmet restricted)
rElec    .         Reflect  .   u - +0 cloak
rCorr    .         Harm     .   (no gloves)
MR       .....                  (no boots)
Stlth    ..........             (no amulet)
HPRegen  0.19/turn              k - ring of fire
MPRegen  0.09/turn              p - ring of flight

@: lethally poisoned (-3 -> -5)
A: retaliatory headbutt, horns 2
a: Berserk, Trog's Hand, Burn Spellbooks, Renounce Religion, Evoke Flight


You were on level 4 of the Dungeon.
You worshipped Trog.
Trog was pleased with you.
You were hungry.

You visited 1 branch of the dungeon, and saw 4 of its levels.

You collected 161 gold pieces.

Inventory:

Hand Weapons
 a - a +0 hand axe
 f - a +0 hand axe (weapon)
 q - a +0 scimitar
Armour
 b - a +0 animal skin
 h - a +0 chain mail (worn)
 u - a +0 cloak (worn)
Jewellery
 k - a ring of fire (left hand)
 p - a ring of flight (right hand)
 t - an uncursed ring of ice {unknown}
 w - a +3 ring of strength {unknown}
Wands
 s - a wand of paralysis (9)
Scrolls
 e - 2 scrolls of enchant weapon {unknown}
 g - a scroll of identify
 i - 2 scrolls of teleportation {unknown}
 j - 3 scrolls of remove curse {unknown}
 r - a scroll of enchant armour {unknown}
Potions
 d - a potion of curing {unknown}
 l - a potion of mutation {unknown}
 m - a potion of cancellation {unknown}
 n - 2 potions of degeneration {unknown}
 o - a potion of flight {unknown}
 v - a potion of agility {unknown}
Comestibles
 c - 5 rations


   Skills:
 + Level 6.6 Fighting
 * Level 6.8 Axes
 + Level 3.0 Armour
 - Level 2.2 Dodging


You had 5 spell levels left.
You didn't know any spells.

Dungeon Overview and Level Annotations

Branches:
Dungeon (4/15)
 Temple: D:4-7

Altars:
Ashenzari
Kikubaaqudgha
Makhleb
The Shining One

Annotations:
D:4 Mandevil's ghost, amateur DrWz


Innate Abilities, Weirdness & Mutations

You reflexively headbutt those who attack you in melee.
You have a pair of horns on your head.


Message History

* * * LOW HITPOINT WARNING * * *
You slash the centaur!
The centaur is moderately wounded.
You hit the scorpion but do no damage.
You feel sick. The centaur hits you.
* * * LOW HITPOINT WARNING * * *
The scorpion stings you.
* * * LOW HITPOINT WARNING * * *
You hit the centaur.
The centaur is heavily wounded.
You barely miss the scorpion.
The centaur hits you but does no damage.
The scorpion stings you but does no damage.
The centaur hits you.
* * * LOW HITPOINT WARNING * * *
You hit the centaur.
The centaur is severely wounded.
You completely miss the scorpion.
* * * LOW HITPOINT WARNING * * *
You feel sick. The centaur hits you.
You die...

.......##.# #...#.# .
...#.#.##.# #...#.#
...#.#.##.# #..(#.#
...#.#.##.# ###(#.#
..........# ###5#.#####
..........# #..W..#...
..........###.#5###.######
..............#sc........#
#....#..........@#..###
#....##........(((..#
#.......###########.#
#....######## .#
#............ .#
#....#######. .#
...........# .#
####.#.....# .#
...#.#.#.#.# .#


You could see a centaur, a scorpion, Mandevil's ghost and 2 white imps.

Vanquished Creatures
  An ogre (D:4)
  A phantom (D:4)
  A scorpion (D:2)
  2 vampire bats (D:2)
  A worker ant (D:4)
  2 adders
  An ooze (D:1)
  4 worms
  3 dart slugs
  A leopard gecko (D:4)
  A ball python (D:4)
  3 bat skeletons (D:2)
  A bat zombie (D:2)
  2 giant cockroaches
  8 goblins
  6 hobgoblins
  6 jackals
  4 kobolds
  3 bats
  3 frilled lizards
  5 rats
  2 plants (D:2)
61 creatures vanquished.

Notes
Turn   | Place    | Note
-------+----------+-------------------------------------------
     0 | D:1      | InquisitorsWrath the Minotaur Berserker began the quest for the Orb.
     0 | D:1      | Reached XP level 1. HP: 19/19 MP: 0/0
   159 | D:1      | Reached XP level 2. HP: 23/27 MP: 1/1
   765 | D:2      | Reached XP level 3. HP: 31/34 MP: 2/2
  1010 | D:2      | Found a glowing golden altar of the Shining One.
  1123 | D:2      | Reached ** piety under Trog
  1334 | D:2      | Found a burning altar of Makhleb.
  1468 | D:2      | Noticed a scorpion
  1474 | D:2      | Killed a scorpion
  1474 | D:2      | Reached skill level 5 in Fighting
  1474 | D:2      | Reached skill level 5 in Axes
  1474 | D:2      | Reached XP level 4. HP: 42/42 MP: 3/3
  1541 | D:2      | Found an ancient bone altar of Kikubaaqudgha.
  1543 | D:2      | Reached XP level 5. HP: 48/48 MP: 4/4
  1666 | D:2      | Found a shattered altar of Ashenzari.
  2626 | D:4      | Noticed an ogre
  2638 | D:4      | Killed an ogre
  2638 | D:4      | Reached XP level 6. HP: 7/58 MP: 5/5
  3033 | D:4      | Noticed Mandevil's ghost (amateur DrWz)
  3039 | D:4      | HP: 2/58 [centaur (3)]
  3040 | D:4      | Slain by a centaur

Skill      XL: |  1  2  3  4  5  6 |
---------------+-------------------+-----
Axes           | 4 5 6 |  6.8
Fighting       | 4 5 6 |  6.6
Armour         | 3 |  3.0
Dodging        | |  2.2

Action                   |  1- 3 |  4- 6 || total
-------------------------+-------+-------++-------
Melee: Hand axe          |   113 |    83 ||   196
       Headbutt          |    29 |    13 ||    42
  Use: Scroll            |     1 |     1 ||     2
  Eat: Chunk             |     2 |     1 ||     3
       Ration            |       |     1 ||     1
Armor: Animal skin       |    10 |       ||    10
       Chain mail        |    17 |    41 ||    58
Dodge: Dodged            |    33 |    38 ||    71
